 Dungeon Sprint DCSS version 0.18-a0-596-g6468885 (webtiles) character file.

130 shane the Insei (level 4, -1/35 HPs)
             Began as a High Elf Monk on Dec 3, 2015.
             Was a Believer of the Shining One.
             Slain by a spriggan
             ... wielding a +1 vampiric morningstar
              (11 damage)
             ... in the Dungeon (Sprint V: "Ziggurat Sprint").
             The game lasted 00:02:37 (67 turns).

shane the Insei (High Elf Monk)                       Turns: 67, Time: 00:02:37

Health: -1/35      AC:  2    Str: 11    XL:     4   Next: 89%
Magic:  5/5        EV: 16    Int: 14    God:    the Shining One [**....]
Gold:   0          SH:  0    Dex: 17    Spells: 0 memorised, 3 levels left

rFire  . . .     SeeInvis .       - Unarmed
rCold  . . .     Clarity  .     a - +0 robe
rNeg   + . .     SustAt   .     (no shield)
rPois  .         Gourm    .     (no helmet)
rElec  .         Spirit   .     (no cloak)
rCorr  .         Dismiss  .     (no gloves)
rMut   .         NoTele   +     (no boots)
MR     .....                    (no amulet)
Stlth  +.........               (no ring)
                                (no ring)

@: glowing, not resistant to hostile enchantments, very unstealthy
A: no striking features
a: Divine Shield, Renounce Religion


You were in the Dungeon.
You worshipped the Shining One.
The Shining One was pleased with you.
You were not hungry.

You visited 1 branch

Inventory:

Hand Weapons
 F - the +14 plutonium sword {*Contam Stlth-}
   (You found it in the Dungeon)

   It causes magical contamination when unequipped.
   It makes you less stealthy.
 G - a +5 demon blade
Armour
 a - a +0 robe (worn)
Jewellery
 z - a +6 ring of dexterity
 A - a +6 ring of dexterity
 B - a +6 ring of intelligence
 C - a +6 ring of intelligence
 D - a +6 ring of strength
 E - a +6 ring of strength
Wands
 w - a wand of disintegration (7)
 x - a wand of fire (5)
 y - a wand of cold (4)
Scrolls
 h - 4 scrolls of blinking
 n - 4 scrolls of amnesia
 o - 3 scrolls of recharging
 p - 7 scrolls of fog
 q - a scroll of holy word
 r - 5 scrolls of identify
 s - 5 scrolls of remove curse
 t - 2 scrolls of fear
Potions
 c - 10 potions of curing
 d - 9 potions of heal wounds
 e - 6 potions of haste
 f - 7 potions of magic
 g - 3 potions of berserk rage
 i - 2 potions of brilliance
 j - 4 potions of resistance
 k - a potion of experience
 l - 5 potions of agility
 m - 5 potions of might
Comestibles
 b - 5 bread rations
 u - 42 fruits
 v - 4 meat rations


   Skills:
 + Level 5.5 Fighting
 + Level 6.0 Dodging
 + Level 2.5 Stealth
 + Level 6.8 Unarmed Combat


You had 3 spell levels left.
You didn't know any spells.

Dungeon Overview and Level Annotations

Branches:
Dungeon (1/1)

Altars:
Ashenzari
Cheibriados
Dithmenos
Elyvilon
Fedhas
Gozag
Kikubaaqudgha
Makhleb
Nemelex Xobeh
Okawaru
Pakellas
Qazlal
Ru
Sif Muna
Trog
Vehumet
Xom
Yredelemnul
Zin
The Shining One
Beogh
Jiyva
Lugonu


Message History

You kill the spriggan!
Your Fighting skill gained 2 levels and is now at level 5!
Your Dodging skill gained 3 levels and is now at level 6!
Your Unarmed Combat skill gained 3 levels and is now at level 6!
You have reached level 2!
You have reached level 3!
Your experience leads to an increase in your attributes!
Increase (S)trength, (I)ntelligence, or (D)exterity?
You feel stronger.
You feel clever.
You have reached level 4!
The spriggan misses you.
Things that are here:
a short sword; a robe You miss the spriggan.
The spriggan misses you.
You closely miss the spriggan. The spriggan completely misses you.
You hit the spriggan but do no damage. You punch the spriggan!
The spriggan is moderately wounded.
The spriggan hits you with a +1 vampiric morningstar!
You die...

▓▓▓▓▓▓▓
▓.8©8.▓
▓.....▓
▓.).:.▓
▓.....▓
▓..@i.▓
▓.....▓
▓▓▓▓▓▓▓


You could see a spriggan.

Vanquished Creatures
  A spriggan (D)
1 creature vanquished.

Notes
Turn   | Place    | Note
--------------------------------------------------------------
     0 | D        | shane the High Elf Monk began the quest for the Orb.
     0 | D        | Reached XP level 1. HP: 16/16 MP: 2/2
     4 | D        | Found a radiant altar of Vehumet.
     4 | D        | Found a shimmering altar of Xom.
     4 | D        | Found an iron altar of Okawaru.
     4 | D        | Found a burning altar of Makhleb.
     7 | D        | Became a worshipper of the Shining One
     7 | D        | Reached * piety under the Shining One
     7 | D        | Reached ** piety under the Shining One
    11 | D        | Found a deep blue altar of Sif Muna.
    13 | D        | Found a bloodstained altar of Trog.
    14 | D        | Found a roughly hewn altar of Beogh.
    14 | D        | Found a viscous altar of Jiyva.
    14 | D        | Found a corrupted altar of Lugonu.
    14 | D        | Found a white marble altar of Elyvilon.
    14 | D        | Found a sparkling altar of Nemelex Xobeh.
    58 | D        | Entered arena 1.
    58 | D        | Noticed a spriggan
    58 | D        | Noticed a spriggan
    61 | D        | The Shining One protects you from harm!
    62 | D        | Killed a spriggan
    62 | D        | Reached skill level 5 in Fighting
    62 | D        | Reached skill level 6 in Dodging
    62 | D        | Reached XP level 2. HP: 8/24 MP: 3/3
    62 | D        | Reached XP level 3. HP: 9/29 MP: 4/4
    62 | D        | Reached XP level 4. HP: 10/35 MP: 5/5
    67 | D        | Slain by a spriggan

Vault maps used:
D:        sprint_v

Action                   |  1- 3 |  4- 6 || total
-------------------------+-------+-------++-------
Melee: Unarmed           |     2 |     4 ||     6
Evoke: Wand              |     1 |       ||     1
  Use: Potion            |     1 |       ||     1
